 Dungeon Crawl Stone Soup version 0.28.0-53-g5a82cb258f (webtiles) character file.

Game seed: 6336830099920611065

37 Legadrian the Cudgeller (level 3, 0/29 HPs)
             Began as a Human Fighter on July 11, 2022.
             Succumbed to an adder's poison
             ... on level 2 of the Dungeon.
             The game lasted 00:08:52 (1345 turns).

Legadrian the Cudgeller (Human Fighter)             Turns: 1345, Time: 00:08:52

Health: 0/29       AC:  6    Str: 17 (18) XL:     3   Next: 60%
Magic:  3/3        EV:  9    Int:  5 (8)  God:
Gold:   88         SH:  9    Dex: 10 (12) Spells: 2/2 levels left

rFire   . . .      SeeInvis .   k - +2 dagger (flame)
rCold   . . .      Faith    .   c - +0 buckler
rNeg    . . .      Spirit   .   b - +0 scale mail
rPois   .          Reflect  +   (no helmet)
rElec   .          Harm     .   (no cloak)
rCorr   .          Rampage  .   (no gloves)
Will    .....                   (no boots)
Stlth   ..........              j - amulet of reflection
HPRegen 0.09/turn               (no ring)
MPRegen 0.08/turn               (no ring)

@: mighty, brilliant, lethally poisoned (0 -> -3)
A: no striking features
a: no special abilities


You were on level 2 of the Dungeon.
You visited 1 branch of the dungeon, and saw 3 of its levels.

You collected 88 gold pieces.

Inventory:

Hand Weapons
 a - a +0 flail
 f - a +0 whip
 k - a +2 dagger of flaming (weapon)
Missiles
 e - 23 stones (quivered)
Armour
 b - a +0 scale mail (worn)
 c - a +0 buckler (worn)
Jewellery
 j - an amulet of reflection (around neck)
Scrolls
 g - a scroll of teleportation {unknown}
Potions
 d - a potion of might
 i - a potion of brilliance


   Skills:
 - Level 3.0 Fighting
 + Level 3.7 Maces & Flails
 - Level 3.0 Armour
 - Level 3.0 Shields


You had 2 spell levels left.
You didn't know any spells.
Your spell library was empty.

Dungeon Overview and Level Annotations

Branches:
Dungeon (3/15)

Altars:

Shops:
D:1 (


Message History

There is an open door here.
The gnoll barely misses you.
There is a stone staircase leading down here.
There is an open door here.
The gnoll hits you from afar with a +0 spear.
You block the gnoll's attack.
There is a stone staircase leading down here.
The gnoll hits you from afar with a +0 spear.
The gnoll hits you with a +0 spear.
You climb downwards.
The adder hisses angrily.
The goblin shouts!
There is a stone staircase leading up here.
You hit the gnoll. You burn the gnoll.
The gnoll is moderately wounded.
You block the gnoll's attack. The bat hits you but does no damage.
You feel very mighty all of a sudden. You block the bat's attack.
You block the gnoll's attack.
You can't go down here!
You block the bat's attack. The adder bites you. The gnoll barely misses you.
You block the goblin's attack. The adder bites you.
* * * LOW HITPOINT WARNING * * *
You are poisoned.
The adder poisons you!
You climb upwards.
* * * LOW HITPOINT WARNING * * *
You feel sick. The gnoll hits you with a +0 spear.
* * * LOW HITPOINT WARNING * * *
The gnoll hits you but does no damage.
There is a stone staircase leading down, spattered with blood here.
It was a potion of brilliance.
You feel clever all of a sudden.
* * * LOW HITPOINT WARNING * * *
You feel sick. The gnoll hits you but does no damage.
You block the adder's attack. The goblin hits you with a +0 dagger.
* * * LOW HITPOINT WARNING * * *
The gnoll barely misses you.
It was a potion of degeneration.
There was something very wrong with that liquid.
You feel weakened.
You feel dopey.
You feel clumsy.
You die...

### #.#.#### ..# #...#.....#
#.#.# ..# #...#.....# #.#.#
..###### #...#.....# #.#.#
....#..# #...#.....# #.#.#
....#..# #...#.....# #.#.#
.#.....#######...#.....# #...#
.#...g...#..##.Sg#.....##########
####..g..#.....g@g.....'.........
#..#......#...#.....##########
#..#...#.######.....# ######...#
#.....# #.....# ####### #.....#
#######


You could see 2 gnolls, an adder and a goblin.

Vanquished Creatures
  A gnoll (D:2)
  5 endoplasms
  A goblin (D:1)
  3 hobgoblins
  4 kobolds (D:1)
  4 quokkas
  2 ball pythons (D:1)
  A bat (D:1)
  4 rats (D:1)
25 creatures vanquished.

Notes
Turn   | Place    | Note
-------+----------+-------------------------------------------
     0 | D:1      | Legadrian the Human Fighter began the quest for the Orb.
     0 | D:1      | Reached XP level 1. HP: 18/18 MP: 1/1
   165 | D:1      | Reached XP level 2. HP: 21/24 MP: 2/2
   523 | D:1      | Found Ulewkod's Weapon Emporium.
   982 | D:1      | Reached XP level 3. HP: 29/29 MP: 3/3
  1344 | D:2      | HP: 1/29 [goblin/+0 dagger (1)]
  1345 | D:2      | Succumbed to an adder's poison

Illustrated notes

Levels and vault maps discovered:
D:1:      dpeg_arrival_simpleton_a, layout_basic, serial_shops,
          nicolae_shop_hallway_stairs
D:2:      layout_basic, basic_altar, hangedman_decor_push,
          corexii_item_surrounded_by_moat, hangedman_abyss_or_decor_lesser_grid
D:3:      layout_basic, shapermc_ecumenical_altar_acropolis, chequers_jeans,
          grunt_ministairs_2, serial_bayou_lake_a

Skill      XL: |  1  2 |
---------------+-------+-----
Maces & Flails | 3 |  3.7
Fighting       | |  3.0
Armour         | |  3.0
Shields        | |  3.0

Action                   || total
-------------------------++-------
Melee: Flail             ||    20
       Whip              ||    63
       Dagger            ||     7
  Use: Potion            ||     3
Armor: Scale mail        ||    21
Dodge: Dodged            ||    26
Block: Buckler           ||    33
